Map: Pendiente de Agustín EE

Players

ImVengence - Winner!

  • Race: Protoss Protoss
  • Spawn Location: 12:00

JohnERico - Winner!

  • Race: Terran Terran
  • Spawn Location: 12:00

crimsonkid - Winner!

  • Race: Protoss Protoss
  • League: Platinum
  • Spawn Location: 11:00

MrFercho

  • Race: Zerg Zerg
  • League: Silver
  • Spawn Location: 5:00

tigro

  • Race: Terran Terran
  • League: Bronze
  • Spawn Location: 6:00

TATORREA

  • Race: Protoss Protoss
  • League: Silver
  • Spawn Location: 6:00

VOD

Have the link to the VOD?

Description

Time

  • Played on: June 2, 2020, 9:19 p.m.
  • Length: 8:17
Show
View Real Time Build Order
Export as new Build Order

ImVengence Protoss - Winner!

Build Orders: Cannon Rush 

Get SALT Encoding   

  12  0:02  Probe  
  13  0:15  Probe  
  14  0:26  Pylon  
  14  0:30  Probe  
  15  0:44  Probe  
  15  0:47  Forge  
  16  0:56  Probe  
  17  1:13  Pylon  
  17  1:16  Probe  
  18  1:24  Gateway  
  18  1:28  Probe  
  19  1:32  Photon Cannon  
  19  1:46  Photon Cannon  
  19  1:56  Photon Cannon  
  19  2:06  Pylon  
  19  2:13  Zealot  
  21  2:27  Photon Cannon  
  21  2:34  Pylon  
  21  2:55  Photon Cannon x2  
  21  2:57  Photon Cannon  
  21  3:02  Pylon  
  21  3:14  Zealot  
  23  3:25  Photon Cannon x2  
  23  3:26  Photon Cannon  
  23  3:41  Zealot  
  23  3:52  Pylon  
  23  4:09  Zealot  
  25  4:34  Photon Cannon  
  27  4:43  Nexus  
  20  5:11  Gateway  
  11  5:15  Gateway  
  9  5:31  Pylon  
  9  5:57  Probe  
  10  6:09  Probe  
  11  6:21  Probe  
  12  6:33  Probe  
  13  6:45  Probe  
  14  6:57  Probe  
  15  7:09  Probe  
  16  7:20  Photon Cannon  
  16  7:21  Probe  
  17  7:34  Probe  
  18  7:40  Pylon  
  18  7:48  Probe  
  19  8:05  Photon Cannon  
Show
View Real Time Build Order
Export as new Build Order

JohnERico Terran - Winner!

Build Orders:  

Get SALT Encoding   

  12  0:03  SCV  
  13  0:15  SCV  
  13  0:18  Supply Depot  
  14  0:28  SCV  
  15  0:42  Barracks  
  15  0:51  SCV  
  15  0:56  Barracks  
  16  1:16  SCV  
  17  1:24  Refinery  
  17  1:28  SCV  
  17  1:31  Marine  
  19  1:40  SCV  
  19  1:44  Marine  
  21  1:47  Supply Depot  
  21  1:49  Marine  
  21  1:52  SCV  
  23  2:06  Refinery  
  23  2:08  Marine x2, SCV  
  26  2:20  Barracks  
  26  2:22  Supply Depot  
  26  2:32  Factory  
  26  2:36  SCV  
  27  2:42  Marine x2  
  29  2:48  SCV  
  30  2:53  Supply Depot  
  30  2:59  Marine  
  30  3:00  Marine, SCV  
  33  3:12  Barracks Tech Lab  
  33  3:18  Factory Tech Lab  
  33  3:25  Supply Depot  
  33  3:27  Marine x2  
  33  3:31  Marauder  
  33  3:33  Concussive Shells  
  32  4:39  Marine  
  32  4:40  Marine  
  32  4:43  Siege Tank  
  32  4:45  Marauder  
  35  4:57  Marine  
  35  4:58  Marine  
  37  5:06  Marauder  
  37  5:14  Marine  
  37  5:15  Siege Tank  
  37  5:16  Marine  
  42  5:28  Marauder  
  33  5:47  Barracks Reactor, Siege Tank  
  38  5:50  Marauder  
  40  6:11  Marauder  
  40  6:12  Marine  
  41  6:19  Siege Tank  
  41  6:20  Supply Depot  
  41  6:24  Combat Shield  
  44  6:30  Marine  
  47  6:33  Marauder  
  44  6:48  Marine  
  42  7:06  Marine  
  43  7:24  Marine  
  41  7:47  Marine x2  
Show
View Real Time Build Order
Export as new Build Order

crimsonkid Protoss - Winner!

Build Orders:  

Get SALT Encoding   

  12  0:02  Probe  
  13  0:18  Pylon  
  13  0:24  Probe  
  13  0:26  Assimilator  
  14  0:40  Probe  
  15  0:48  Gateway  
  15  0:52  Probe  
  16  1:00  Assimilator  
  16  1:05  Pylon  
  16  1:39  Cybernetics Core  
  16  2:02  Nexus  
  16  2:07  Probe  
  17  2:38  Stargate  
  17  2:42  Probe (Chrono Boost)  
  18  2:53  Probe (Chrono Boost)  
  18  2:57  Probe (Chrono Boost)  
  20  3:11  Probe  
  21  3:15  Probe  
  22  3:22  Stargate  
  22  3:24  Void Ray  
  26  3:27  Probe  
  26  3:31  Pylon  
  27  3:36  Probe  
  27  3:39  Probe  
  29  4:03  Probe  
  29  4:06  Void Ray  
  29  4:08  Assimilator  
  34  4:24  Void Ray  
  34  4:30  Probe  
  39  4:40  Probe  
  39  4:42  Probe  
  41  4:51  Assimilator  
  41  4:52  Probe  
  42  4:54  Probe  
  43  5:01  Void Ray  
  43  5:04  Probe  
  48  5:17  Void Ray  
  52  5:24  Forge  
  52  6:07  Pylon  
  52  6:20  Photon Cannon  
  52  6:21  Photon Cannon  
  52  6:25  Void Ray x2, Photon Cannon  
  60  6:30  Pylon  
  60  6:36  Pylon  
  60  6:41  Probe (Chrono Boost)  
  61  6:52  Probe (Chrono Boost)  
  61  6:53  Pylon  
  62  6:57  Probe (Chrono Boost)  
  62  6:59  Pylon  
  63  7:08  Probe  
  64  7:12  Pylon  
  64  7:20  Probe  
  73  8:01  Photon Cannon  
  73  8:05  Photon Cannon  
Show
View Real Time Build Order
Export as new Build Order

MrFercho Zerg 

Build Orders: Hatch First 

Get SALT Encoding   

  12  0:01  Drone  
  13  0:09  Drone  
  14  0:27  Extractor  
  13  0:30  Drone  
  13  0:31  Extractor, Drone  
  16  0:55  Hatchery  
  15  1:00  Spawning Pool  
  14  1:05  Overlord  
  14  1:19  Extractor  
  14  1:22  Extractor, Drone x2  
  14  1:46  Hatchery  
  13  1:57  Drone  
  13  1:58  Drone x2  
  16  2:06  Queen  
  18  2:21  Drone x3  
  21  2:23  Drone  
  22  2:33  Drone  
  23  2:38  Drone  
  23  2:40  Metabolic Boost  
  24  2:50  Evolution Chamber  
  23  3:04  Zergling x6  
  23  3:05  Zergling x6  
  29  3:13  Overlord  
  29  3:22  Zergling x2  
  29  3:23  Zergling x4  
  29  3:49  Drone x3  
  32  3:57  Zerg Ground Armor Level 1  
  32  3:59  Lair  
  32  4:07  Zergling x8  
  36  4:21  Spine Crawler  
  35  4:29  Spine Crawler  
  25  5:38  Zergling x16  
  25  5:39  Zergling x2  
  25  5:42  Lair  
  34  5:51  Hydralisk Den, Zerg Missile Weapons Level 1  
  33  5:59  Infestation Pit  
  32  6:05  Zergling x2  
  32  6:06  Zergling x10  
  38  6:21  Grooved Spines  
  38  6:32  Overlord x2  
  38  6:34  Zergling x2  
  38  6:35  Zergling x6  
  42  6:54  Hydralisk x5  
  52  7:02  Drone  
  52  7:03  Drone x2  
  52  7:07  Extractor  
Show
View Real Time Build Order
Export as new Build Order

tigro Terran 

Build Orders:  

Get SALT Encoding   

  12  0:03  SCV  
  13  0:15  SCV  
  14  0:21  Supply Depot  
  14  0:27  SCV  
  15  0:31  Refinery  
  15  0:43  SCV  
  16  0:59  Barracks  
  16  1:07  SCV  
  17  1:19  SCV  
  17  1:24  Refinery  
  18  1:31  SCV  
  19  1:44  Supply Depot, SCV  
  19  1:46  Marine  
  21  1:56  SCV  
  22  2:04  Marine  
  22  2:07  Barracks  
  22  2:08  SCV  
  24  2:20  SCV  
  24  2:22  Marine, Engineering Bay  
  26  2:32  SCV  
  27  2:40  Marine  
  28  2:51  Orbital Command  
  28  2:56  Barracks Tech Lab  
  28  2:57  Marine  
  29  3:20  Missile Turret  
  29  3:38  Barracks Tech Lab  
  29  3:39  Command Center  
  29  3:40  Marauder  
  25  4:01  Marauder  
  3  4:22  Barracks Tech Lab  
  3  4:23  Marauder  
  3  5:22  Barracks Tech Lab  
  3  5:24  Barracks Tech Lab  
  3  5:36  Refinery  
  3  5:44  Combat Shield  
  3  5:46  Stimpack  
  3  5:49  Planetary Fortress  
  3  5:58  Marauder  
  5  6:07  Marauder  
  7  6:19  Marauder  
  7  6:28  Marauder  
  7  6:31  SCV  
  10  6:43  SCV  
  11  6:55  SCV  
Show
View Real Time Build Order
Export as new Build Order

TATORREA Protoss 

Build Orders:  

Get SALT Encoding   

  12  0:01  Probe  
  13  0:25  Pylon  
  13  0:34  Probe  
  14  0:47  Probe  
  15  0:55  Gateway  
  15  0:58  Gateway  
  15  0:59  Probe  
  16  1:05  Assimilator  
  16  1:11  Probe  
  17  1:23  Probe  
  17  1:35  Probe  
  18  1:54  Nexus  
  18  1:56  Cybernetics Core  
  18  2:01  Probe  
  19  2:13  Assimilator, Probe  
  20  2:25  Probe  
  20  2:28  Pylon  
  21  2:31  Pylon  
  21  2:38  Probe  
  21  2:39  Warp Gate (Chrono Boost)  
  22  2:46  Stalker  
  24  2:53  Probe  
  25  2:59  Stalker  
  27  3:06  Probe  
  27  3:07  Probe  
  29  3:14  Twilight Council  
  29  3:18  Probe  
  29  3:19  Probe  
  31  3:28  Forge  
  31  3:31  Probe x2  
  29  4:09  Probe x2  
  31  4:12  Protoss Ground Weapons Level 1  
  31  4:14  Charge  
  31  4:24  Stalker x2  
  33  4:26  Probe x2  
  37  4:59  Stalker x2  
  37  5:17  Probe x2  
  39  5:28  Zealot x2  
  43  5:29  Probe x2  
  45  5:50  Probe  
  45  5:51  Probe  
  47  5:59  Zealot x2  
  39  6:22  Stalker  
  39  6:24  Stalker  
  43  6:30  Assimilator  
  43  6:32  Assimilator  
  43  6:41  Pylon  
  43  6:44  Pylon  
  43  6:47  Pylon, Zealot  
  43  6:48  Zealot  
  39  7:22  Stalker x2  
Tags
 
Add a new tag
Caveats
  • Supply blocks, unpowered buildings, or Contaminate may cause inaccurate times.
  • Supply counts are checked every 10 seconds.